 Dungeon Crawl Stone Soup version 0.28.0-43-g3370ac3207 (webtiles) character file.

Game seed: 923850684577953908

51 ZappyNine the Skirmisher (level 3, -4/33 HPs)
             Began as a Draconian Cinder Acolyte on Mar 31, 2022.
             Was a High Priest of Ignis.
             Slain by an ogre
             ... wielding a +0 giant spiked club
              (24 damage)
             ... on level 2 of the Dungeon.
             The game lasted 00:01:06 (1077 turns).

ZappyNine the Skirmisher (Draconian Cinder Acolyte) Turns: 1077, Time: 00:01:07

Health: -4/33      AC:  5    Str: 22    XL:     3   Next: 58%
Magic:  2/5        EV: 11    Int: 16    God:    Ignis [*****.]
Gold:   10         SH:  0    Dex:  6    Spells: 3/5 levels left

rFire   + . .      SeeInvis .   a - -1 mace (flame)
rCold   . . .      Faith    .   (no shield)
rNeg    . . .      Spirit   .   (armour unavailable)
rPois   .          Reflect  .   (helmet restricted)
rElec   .          Harm     .   (no cloak)
rCorr   .          Rampage  .   (no gloves)
Will    .....                   (no boots)
Stlth   +.........              (no amulet)
HPRegen 0.11/turn               c - +6 ring of strength
MPRegen 0.09/turn               (no ring)

@: no status effects
A: AC +5, unfitting armour, cold-blooded
a: Renounce Religion, Fiery Armour, Foxfire Swarm, Rising Flame


You were on level 2 of the Dungeon.
You worshipped Ignis.
Ignis was extremely pleased with you.
You visited 1 branch of the dungeon, and saw 2 of its levels.

You collected 10 gold pieces.

Inventory:

Hand Weapons
 a - a -1 mace of flaming (weapon)
Jewellery
 c - a +6 ring of strength (left hand)
 g - an amulet of guardian spirit
Scrolls
 b - a scroll of acquirement {unknown}
 d - a scroll of amnesia {unknown}
 e - a scroll of noise {unknown}
 f - a scroll of summoning {unknown}
 h - 2 scrolls of identify {unknown}


   Skills:
 + Level 3.7 Fighting
 + Level 3.4 Maces & Flails
 + Level 1.8 Spellcasting
 + Level 3.4 Fire Magic


You had 3 spell levels left.
You knew the following spells:

 Your Spells              Type           Power      Damage    Failure   Level
a - Scorch                Fire           24%        2d6       8%          2

Your spell library contained the following spells:

 Spells                   Type           Power      Damage    Failure   Level


Dungeon Overview and Level Annotations

Branches:
Dungeon (2/15)

Altars:


Innate Abilities, Weirdness & Mutations

Your plain brown scales are hard. (AC +5)
You cannot fit into any form of body armour.
You are cold-blooded and may be slowed by cold attacks.


Message History

There are monsters nearby!
You barely miss the adder. The adder completely misses you.
Casting: Scorch (safe; 9% risk of failure)
Confirm with . or Enter, or press ? or * to list all spells.
Flames lash the adder.
The adder is heavily wounded.
The adder's fire resistance burns away.
You hear a shout!
The adder misses you.
Unknown command.
Casting: Scorch (safe; 9% risk of failure)
Confirm with . or Enter, or press ? or * to list all spells.
Flames lash the adder.
The adder is burned terribly!
You kill the adder!
Unknown command.
A dart slug comes into view.
You hit the worm. You burn the worm. You tail-slap the worm.
The worm is moderately wounded.
Casting: Scorch (safe; 8% risk of failure)
Confirm with . or Enter, or press ? or * to list all spells.
You don't have enough magic to cast this spell.
Unknown command.
You hit the worm. You burn the worm.
The worm is severely wounded.
An ogre comes into view. It is wielding a +0 giant spiked club.
The worm bites you.
You sock the worm! You burn the worm.
You kill the worm!
Found 13 gold pieces.
You see here a worm corpse.
You hit the dart slug. You burn the dart slug.
The dart slug is severely wounded.
The dart slug closely misses you.
The ogre hits you with a +0 giant spiked club!
You sock the dart slug! You burn the dart slug.
You kill the dart slug!
You barely miss the ogre.
The ogre hits you with a +0 giant spiked club!!
Ouch! That really hurt!
You die...

.# #. #.# .$
... #.# .# #.#
#.# ..... #
#.# .#.#
#.##.## ...
#.....#O#.#.#.
#†##@..>....
#<..#.#.#.#.
####.......
#.#.#.# #...#
#.## .# #


You could see an ogre.

Vanquished Creatures
  An adder (D:2)
  A worm (D:2)
  3 dart slugs
  3 ball pythons (D:1)
  2 endoplasms (D:1)
  2 giant cockroaches (D:1)
  2 goblins (D:1)
  2 hobgoblins (D:1)
  3 jackals (D:1)
  2 quokkas (D:1)
  6 bats (D:1)
  A frilled lizard (D:1)
  2 kobolds (D:1)
  2 rats (D:1)
32 creatures vanquished.

Notes
Turn   | Place    | Note
-------+----------+-------------------------------------------
     0 | D:1      | ZappyNine the Draconian Cinder Acolyte began the quest for
                  | the Orb.
     0 | D:1      | Reached XP level 1. HP: 19/19 MP: 2/2
   171 | D:1      | Reached XP level 2. HP: 26/26 MP: 3/3
   549 | D:1      | Reached XP level 3. HP: 28/31 MP: 5/5
  1045 | D:1      | Learned a level 2 spell: Scorch
  1072 | D:2      | Noticed an ogre
  1077 | D:2      | Slain by an ogre

Illustrated notes

Levels and vault maps discovered:
D:1:      mushboom_english_gardens, layout_basic
D:2:      layout_loops_ring, hellmonk_ecumenical_altar_heavens_door,
          st_stairs_10

Action                   || total
-------------------------++-------
Melee: Mace              ||    85
       Tailslap          ||     6
 Cast: Scorch            ||     2
Armor: Skin              ||    57
Dodge: Dodged            ||    72
